AoeStats
← waLLefps.

Arena

507824782Analyzed
4v4 RM · 11d ago on Sep 19, 2026· 38m 16s· 8 players
Game mode
Random Map
Map size
Large (8 player)
Population
200
Speed
Normal
Resources
Standard
Victory
Conquest
Starting age
Dark Age
Ending age
Imperial Age
RankedLock teamsTeams togetherTeam positionsShared explorationLock speedFull tech treeHidden civsTurbo modeCheats
Victory
Defeat
🇹🇷 Romans · Türkiye
1483
+14
🇹🇷 Malay · Türkiye
1481
+14
🇹🇷 Armenians · Türkiye
1393
+18
🇹🇷 Cumans · Türkiye
1299
+21
🇦🇷 Bohemians · Argentina
1446
-17
🇨🇴 Saracens · Colombia
1441
-17
1432
-17
1405
-16
klostrofobikköstebek
10:17 Feudal Age
14:23 Castle Age
12:11 Double-Bit Axe
12:10 Horse Collar
15:37 Heavy Plow
17:47 Wheelbarrow
18:45 Loom
21:47 Hand Cart
23:36 Bow Saw
27:25 Imperial Age
25:07 Gold Mining
26:32 Gold Shaft Mining
27:10 Ballistas
27:52 Ballistics
27:28 Heavy Scorpion
29:10 Chemistry
29:09 Crop Rotation
28:39 Light Cavalry
29:29 Bloodlines
29:21 Husbandry
30:08 Siege Engineers
31:00 Scale Barding Armor
31:05 Forging
31:25 Capped Ram
33:32 Chain Barding Armor
33:48 Iron Casting
35:28 Plate Barding Armor
35:47 Murder Holes
36:03 Fortified Wall
35:57 Siege Ram
37:01 Cavalier
waLLefps.
10:00 Feudal Age
9:44 Double-Bit Axe
9:41 Horse Collar
17:20 Castle Age
17:14 Bow Saw
17:05 Heavy Plow
21:36 Wheelbarrow
23:17 Forging
23:59 Squires
23:44 Arson
25:07 Iron Casting
25:35 Gold Mining
25:38 Stone Mining
26:28 Hand Cart
26:44 Town Watch
30:39 Imperial Age
27:56 Loom
30:26 Gold Shaft Mining
29:30 Elite Karambit Warrior
29:36 Elite Karambit Warrior
31:17 Blast Furnace
30:52 Conscription
34:25 Ballistics
35:05 Chemistry
34:11 Siege Engineers
34:38 Crop Rotation
Tameryig1t
6:21 Loom
9:24 Feudal Age
10:05 Man-at-Arms
11:10 Long Swordsman
12:05 Arson
13:34 Double-Bit Axe
18:53 Scale Mail Armor
19:03 Forging
21:50 Wheelbarrow
20:57 Horse Collar
26:37 Castle Age
25:46 Fletching
25:57 Padded Archer Armor
25:53 Pikeman
27:05 Gold Mining
27:09 Stone Mining
27:25 Squires
27:10 Gambesons
26:50 Two-Handed Swordsman
28:52 Chain Mail Armor
29:39 Halberdier
31:28 Iron Casting
33:38 Bow Saw
37:18 Hand Cart
36:48 Town Watch
Fırtına
9:45 Feudal Age
10:53 Double-Bit Axe
16:12 Wheelbarrow
16:04 Horse Collar
21:47 Castle Age
21:41 Gold Mining
22:38 Loom
23:08 Bow Saw
23:05 Capped Ram
24:23 Heavy Plow
33:11 Imperial Age
31:28 Hand Cart
32:47 Gold Shaft Mining
33:26 Siege Ram
[W] 2termos_nolunch
10:41 Feudal Age
14:17 Castle Age
13:23 Double-Bit Axe
13:44 Horse Collar
15:19 Bow Saw
15:32 Town Watch
26:48 Loom
31:31 Wheelbarrow
[W] ConLoQueCuestaArmarUnDrush
10:04 Feudal Age
14:18 Castle Age
12:09 Double-Bit Axe
13:13 Horse Collar
17:20 Bow Saw
19:10 Loom
20:04 Wheelbarrow
25:15 Scale Barding Armor
25:45 Heavy Plow
28:34 Imperial Age
27:35 Hand Cart
28:14 Scale Barding Armor
28:22 Bloodlines
29:23 Chain Barding Armor
31:36 Plate Barding Armor
31:03 Husbandry
31:04 Scale Mail Armor
31:17 Forging
31:40 Elite Leitis
33:45 Coinage
33:53 Conscription
34:09 Iron Casting
33:54 Gold Mining
34:07 Stone Mining
35:50 Banking
Giacomo
10:50 Feudal Age
14:41 Castle Age
13:02 Double-Bit Axe
13:22 Horse Collar
15:40 Bow Saw
18:40 Loom
23:28 Heavy Plow
24:56 Wheelbarrow
26:07 Stone Mining
26:10 Gold Mining
29:38 Imperial Age
27:25 Hand Cart
27:55 Scale Barding Armor
28:02 Forging
28:58 Gold Shaft Mining
28:49 Masonry
30:21 Iron Casting
31:22 Chemistry
31:17 Conscription
30:33 Onager
36:19 Blast Furnace
36:47 Chain Barding Armor
[CANTINAMX] | Vintar Khan
0:29 Loom
9:59 Feudal Age
14:13 Castle Age
12:48 Horse Collar
13:40 Double-Bit Axe
16:57 Town Watch
17:18 Fletching
20:19 Gold Mining
21:22 Padded Archer Armor
23:40 Bodkin Arrow
26:48 Wheelbarrow
29:24 Hand Cart
29:54 Ballistics
29:51 Fortified Wall
33:43 Imperial Age
31:24 Great Wall
32:10 Masonry
31:56 Murder Holes
34:29 Bracer
35:31 Chemistry
35:06 Conscription
Connection lost

Rejoining the realm…

Still unreachable

The connection could not be restored.

Session expired

The server has moved on; the page needs a fresh start.